 Dungeon Crawl Stone Soup version 0.17-a0-1850-g688e747 (webtiles) character file.

112 nubinia the Conjurer (level 4, -14/35 HPs)
             Began as a Draconian Conjurer on Sept 18, 2015.
             Demolished by an ogre
             ... wielding a +0 giant club
              (25 damage)
             ... on level 4 of the Dungeon.
             The game lasted 00:11:33 (3202 turns).

nubinia the Conjurer (Draconian Conjurer)           Turns: 3202, Time: 00:11:33

Health: -14/35     AC:  5    Str: 10    XL:     4   Next: 63%
Magic:  11/16      EV: 12    Int: 16    God:
Gold:   194        SH:  0    Dex: 12    Spells: 2 memorised, 3 levels left

rFire  . . .     SeeInvis .     i - +1 dagger (speed)
rCold  . . .     Clarity  .     (armour unavailable)
rNeg   . . .     SustAt   .     (no shield)
rPois  .         Gourm    .     (helmet restricted)
rElec  .         Spirit   .     (no cloak)
rCorr  .         Warding  .     (no gloves)
rMut   .         Stasis   .     (no boots)
MR     .....                    (no amulet)
Stlth  ++........               g - ring of magical power
                                w - ring of wizardry

@: not resistant to hostile enchantments, unstealthy
A: unfitting armour, cold-blooded, AC +5
a: no special abilities


You were on level 4 of the Dungeon.
You were not hungry.

You visited 1 branch of the dungeon, and saw 4 of its levels.

You collected 194 gold pieces.

Inventory:

Hand weapons
 d - a +0 short sword
 i - a +1 dagger of speed (weapon)
Missiles
 m - 6 curare-tipped needles
Jewellery
 g - a ring of magical power (right hand)
 s - a +5 ring of strength
 w - a ring of wizardry (left hand)
Scrolls
 c - a scroll of magic mapping {unknown}
 l - a scroll of fog {unknown}
Potions
 e - a potion of haste
 j - a potion of heal wounds
 k - a potion of agility {unknown}
Books
 a - a book of Conjurations

   Spells                             Type                      Level
   a - Magic Dart                     Conjuration                  1
   b - Searing Ray                    Conjuration                  2
   c - Dazzling Spray                 Conjuration/Hexes            3
   d - Fulminant Prism                Conjuration/Hexes            4
   e - Iskenderun's Mystic Blast      Conjuration                  4
   f - Iskenderun's Battlesphere      Conjuration/Charms           5
Comestibles
 b - 2 bread rations
 f - a beef jerky
 h - a chunk of flesh


   Skills:
 + Level 1.5 Fighting
 + Level 2.7 Dodging
 + Level 2.3 Stealth
 + Level 2.2 Spellcasting
 + Level 4.8 Conjurations


You had 3 spell levels left.
You knew the following spells:

 Your Spells              Type           Power        Failure   Level  Hunger
a - Magic Dart            Conj           ###.         1%          1    #......
b - Dazzling Spray        Conj/Hex       #.......     9%          3    ###....


Dungeon Overview and Level Annotations

Branches:
Dungeon (4/15)
 Temple: D:4-7

Altars:


Innate Abilities, Weirdness & Mutations

Your plain brown scales are hard (AC +5).
Your body does not fit into most forms of armour.
You are cold-blooded and may be slowed by cold attacks.


Message History

The ogre is lightly wounded.
You hit the ogre but do no damage.
The ogre is lightly wounded.
The ogre hits you with a giant club!!
Ouch! That really hurt!
You see here 14 arrows.
The ogre is no longer blind.
Unknown command.
Unknown command.
Unknown command.
Casting: Dazzling Spray
Confirm with . or Enter, or press ? or * to list all spells.
Aiming: Dazzling Spray
Press: ? - help, Shift-Dir - straight line, f/p - ogre
Aim: an ogre, wielding a giant club (lightly wounded)
The spray of energy hits the ogre.
The ogre is moderately wounded.
The ogre hits you with a giant club!!
Ouch! That really hurt!
You die...

#.# #.# #.# ###.###
#.###.....##
..........###########
###................####
#)(...O@>.............#
#.#.....###.######.##.#
#.####### #.# #.##.#
#.# #.# #.##.# #.# #.#
#.##.# #.# #.# #.##.#
#.# #.# #†#..# #.# #.#
#.#.## #.# ..# ##.#.#


You could see an ogre.

Vanquished Creatures
  3 adders
  An ooze (D:2)
  4 worms
  4 giant geckos
  7 bats
  6 goblins
  6 hobgoblins
  8 jackals
  A quokka (D:4)
  4 giant cockroaches
  4 giant newts
  7 kobolds
  A quokka skeleton (D:4)
  11 rats
67 creatures vanquished.

Notes
Turn   | Place    | Note
--------------------------------------------------------------
     0 | D:1      | nubinia the Draconian Conjurer began the quest for the Orb.
     0 | D:1      | Reached XP level 1. HP: 14/14 MP: 3/3
   285 | D:1      | Reached XP level 2. HP: 20/20 MP: 5/5
   968 | D:2      | Reached XP level 3. HP: 11/26 MP: 4/6
   973 | D:2      | Learned a level 3 spell: Dazzling Spray
  1390 | D:2      | Reached skill level 1 in Fighting
  2356 | D:3      | Reached XP level 4. HP: 35/35 MP: 5/7
  2688 | D:3      | Found a faded altar to an unknown god.
  3191 | D:4      | Noticed an ogre
  3202 | D:4      | Demolished by an ogre

Vault maps used:
D:1:      minmay_arrival_five_plusses, minmay_misc_feat_square,
          minmay_strange_pillars
D:3:      ecumenical_altar_1
D:4:      gammafunk_temple_overflow_elements, lemuel_temple_firewalk

Action                   |  1- 3 |  4- 6 || total
-------------------------+-------+-------++-------
Melee: Unarmed           |    14 |       ||    14
       Short sword       |    66 |    10 ||    76
       Dagger            |       |    32 ||    32
 Cast: Magic Dart        |    57 |    21 ||    78
       Dazzling Spray    |     1 |     6 ||     7
  Use: Scroll            |     5 |     1 ||     6
       Potion            |       |     1 ||     1
 Stab: Invisible         |     1 |     3 ||     4
       Sleeping          |       |     1 ||     1
  Eat: Chunk             |     5 |     4 ||     9
